 Dungeon Crawl Stone Soup version 0.32-a0-779-g362cfcae2a (webtiles) character file.

Game seed: 16488270447937098626

707 porpoise the Poker (level 7, -4/55 HPs)
             Began as a Demonspawn Gladiator on Mar 20, 2024.
             Was an Initiate of Yredelemnul.
             Killed from afar by Maggie (16 damage)
             ... with a bolt of fire
             ... on level 6 of the Dungeon.
             The game lasted 00:11:47 (5011 turns).

porpoise the Poker (Demonspawn Gladiator)           Turns: 5011, Time: 00:11:47

Health: -4/55      AC:  9    Str: 16    XL:     7   Next: 40%
Magic:  8/8        EV: 11    Int:  8    God:    Yredelemnul [......]
Gold:   134        SH:  0    Dex: 15    Spells: 6/6 levels left

rFire   . . .        a - +0 trident (flame)
rCold   . . .        (no shield)
rNeg    . . .        s - +0 ring mail
rPois   +            c - +0 helmet
rElec   .            A - +0 cloak
rCorr   .            (no gloves)
SInv    .            (no boots)
Will    .....        (no amulet)
Stlth   +            k - ring of poison resistance
HPRegen 0.29/turn    (no ring)
MPRegen 0.11/turn

%: no passive effects
@: wreathed by umbra
A: claws 1, thin metallic scales 1
a: Renounce Religion, Light the Black Torch, Recall Undead Harvest


You were on level 6 of the Dungeon.
You worshipped Yredelemnul.
Yredelemnul was noncommittal.
You visited 2 branches of the dungeon, and saw 7 of its levels.

You collected 206 gold pieces.
You spent 72 gold pieces at shops.

Inventory:

Hand Weapons
 a - a +0 trident of flaming (weapon)
 b - a +0 sling
Missiles
 d - 2 throwing nets (quivered)
 e - 13 javelins
 f - 4 poisoned darts
Armour
 c - a +0 helmet (worn)
 s - a +0 ring mail (worn)
 A - a +0 cloak (worn)
Jewellery
 k - a ring of poison resistance (left claw)
 r - a +6 ring of dexterity
Wands
 o - a wand of charming (8)
Scrolls
 g - a scroll of noise
 h - a scroll of poison
 m - 2 scrolls of immolation
 x - a scroll of identify
 z - a scroll of vulnerability
Potions
 i - a potion of brilliance
 n - 3 potions of attraction
 p - a potion of lignification
 q - a potion of mutation
 t - a potion of cancellation {unknown}
 u - a potion of haste {unknown}
 v - a potion of enlightenment {unknown}


   Skills:
 + Level 4.4 Fighting
 * Level 4.7 Polearms
 - Level 3.8 Throwing
 - Level 4.3 Dodging
 + Level 1.5 Invocations


You had 6 spell levels left.
You didn't know any spells.
Your spell library contained the following spells:

 Spells                   Type           Power      Damage    Failure   Level
 Sigil of Binding         Hex            0%         N/A       94%         3
 Sculpt Simulacrum        Ice/Alch       0%         N/A       100%        6
 Death Channel            Necr           Unusable   N/A       N/A         6

Dungeon Overview and Level Annotations

Branches:
Dungeon (6/15)             Temple (1/1) D:5

Altars:
Ashenzari
Cheibriados
Dithmenos
Gozag
Hepliaklqana
Kikubaaqudgha
Makhleb
Nemelex Xobeh
Okawaru
Qazlal
Ru
Sif Muna
Uskayaw
Vehumet
Wu Jian
Xom
Yredelemnul

Shops:
D:3 *[

Annotations:
D:4 1 runed translucent door, dialectric's ghost, amateur TrSh
D:6 Maggie


Innate Abilities, Weirdness & Mutations

You have sharp fingernails.
You are partially covered in thin metallic scales. (AC +2)


Message History

You hit Maggie but do no damage.
Maggie is moderately wounded.
Maggie misses you.
You hit Maggie but do no damage.
Maggie is moderately wounded.
Maggie hits you with a +1 halberd of venom.
You are poisoned.
You hit Maggie but do no damage.
Maggie is moderately wounded.
You feel sick.
Maggie hits you with a +1 halberd of venom!
* * * LOW HITPOINT WARNING * * *
You are lethally poisoned!
You barely miss Maggie.
Maggie is moderately wounded.
* * * LOW HITPOINT WARNING * * *
You feel very sick. Maggie misses you.
You hit Maggie. You burn Maggie.
Maggie is moderately wounded.
* * * LOW HITPOINT WARNING * * *
You feel very sick. Maggie hits you but does no damage.
You feel better. Maggie closely misses you.
You puncture Maggie! You burn Maggie.
Maggie is heavily wounded.
Maggie hits you with a +1 halberd of venom.
* * * LOW HITPOINT WARNING * * *
You puncture Maggie! You burn Maggie.
Maggie is severely wounded.
Maggie barely misses you.
You hit Maggie. You burn Maggie.
Maggie is severely wounded.
Maggie completely misses you.
You hit Maggie but do no damage.
Maggie is severely wounded.
Maggie points at you and mumbles some strange words.
The bolt of fire hits you!
You die...
Your body rises from the dead as a mindless zombie.

# # #
....#.#####.#
#..>.@@.<..#
#.##.##.#..#
# #....#
(....#
##......
........
..##..#. $.#
.....


You could see Maggie.

Vanquished Creatures
  Sigmund (D:4)
  An ogre (D:4)
  2 scorpions
  A bombardier beetle (D:3)
  2 hounds (D:5)
  2 iguanas
  9 adders
  4 dart slugs
  4 orcs
  8 ball pythons
  7 endoplasms
  3 giant cockroaches
  5 goblins
  7 hobgoblins
  2 jackals (D:4)
  3 quokkas
  8 bats
  2 frilled lizards
  4 kobolds
  7 rats
  A butterfly (D:3)
83 creatures vanquished.

Vanquished Creatures (collateral kills)
  A jelly (D:5)
1 creature vanquished.

Vanquished Creatures (others)
  A hound zombie (D:5)
1 creature vanquished.

Grand Total: 85 creatures vanquished

Notes
Turn   | Place    | Note
-------+----------+-------------------------------------------
     0 | D:1      | porpoise the Demonspawn Gladiator began the quest for the
                  | Orb.
     0 | D:1      | Reached XP level 1. HP: 16/16 MP: 1/1
   453 | D:1      | Gained mutation: You are partially covered in thin metallic
                  | scales. (AC +2) [demonic ancestry]
   453 | D:1      | Reached XP level 2. HP: 21/22 MP: 2/2
  1101 | D:2      | Reached XP level 3. HP: 26/28 MP: 3/3
  1472 | D:2      | Found a sacrificial altar of Ru.
  1721 | D:3      | Found Cuwk's Assorted Antiques.
  1733 | D:3      | Bought a scroll labelled HIXOJU EQELUMYA for 24 gold pieces
  1733 | D:3      | Bought a scroll labelled BIUNIVUASCH for 24 gold pieces
  1925 | D:3      | Found a shimmering altar of Xom.
  1993 | D:3      | Reached XP level 4. HP: 17/34 MP: 4/4
  2126 | D:3      | Noticed a scorpion
  2140 | D:3      | Killed a scorpion
  2141 | D:3      | Gained mutation: You have sharp fingernails. [demonic
                  | ancestry]
  2141 | D:3      | Reached XP level 5. HP: 32/41 MP: 5/5
  2346 | D:3      | Found a shimmering blue altar of Sif Muna.
  2444 | D:3      | Found Vuwerr's Antique Armour Emporium.
  2475 | D:3      | Found an opulent altar of Gozag.
  2938 | D:4      | Noticed Sigmund
  2965 | D:4      | Killed Sigmund
  2966 | D:4      | Reached XP level 6. HP: 11/48 MP: 6/6
  3281 | D:4      | Found a runed translucent door.
  3281 | D:4      | Noticed dialectric's ghost (amateur TrSh)
  3429 | D:3      | Bought a scroll labelled HOSKYALL DESIH for 24 gold pieces
  3483 | D:4      | Reached XP level 7. HP: 13/54 MP: 7/7
  4104 | D:5      | Entered Level 5 of the Dungeon
  4201 | D:5      | Found a staircase to the Ecumenical Temple.
  4210 | Temple   | Entered the Ecumenical Temple
  4219 | Temple   | Became a worshipper of Yredelemnul the Fallen
  4496 | D:5      | Reached skill level 1 in Invocations
  4993 | D:6      | Noticed Maggie
  5011 | D:6      | Killed from afar by Maggie

Illustrated notes

Levels and vault maps discovered:
D:1:      dpeg_arrival_shelter, layout_basic, serial_bayou_pond_d
D:2:      layout_basic, basic_altar, minmay_indecisive_spiral
D:3:      layout_loops_ring, xom_butterflies, nicolae_overflow_hidden_temple,
          serial_shops, shop, shop, hangedman_abyss_or_decor_stabs,
          minmay_ruptured
D:4:      layout_cave_pools, ebering_ghost_reflecting_pool, uniq_sigmund
D:5:      layout_loops_ring, lemuel_temple_firewalk_b
D:6:      layout_loops_cross, uniq_maggie
Temple:   nicolae_temple_no_exploring_needed

Skill      XL: |  1  2  3  4  5  6  7 |
---------------+----------------------+-----
Throwing       | 2 3 |  3.8
Polearms       | 3 4 |  4.7
Dodging        | 3 4 |  4.3
Fighting       | 3 4 |  4.4
Invocations    | 1 |  1.5

Action                     |  1- 3 |  4- 6 |  7- 9 || total
---------------------------+-------+-------+-------++-------
  Melee: Trident           |   126 |   108 |    93 ||   327
   Fire: Sling             |    27 |     1 |     4 ||    32
  Throw: Throwing net      |       |     3 |       ||     3
    Use: Scroll            |     2 |     6 |     5 ||    13
         Potion            |       |     2 |     1 ||     3
   Stab: Sleeping          |     3 |     1 |       ||     4
         Distracted        |     1 |       |       ||     1
 Armour: Leather armour    |    50 |    11 |       ||    61
         Ring mail         |       |    35 |    43 ||    78
  Dodge: Dodged            |    60 |    52 |    55 ||   167

Table legend: (Time is in decaauts)
 A = Elapsed time spent in this place.
 B = Non-inter-level travel time spent in this place.
 C = Inter-level travel time spent in this place.
 D = Time resting spent in this place.
 E = Time spent auto-exploring this place.
 F = Levels seen in this place.
 G = Mean time per level.
                   A        B        C        D        E       F      G
               +--------+--------+--------+--------+--------+-----+--------+
         Total |   5055 |   4838 |    217 |   1139 |   2862 |   7 |  722.1 |
       Dungeon |   5038 |   4828 |    210 |   1139 |   2862 |   6 |  839.7 |
        Temple |     16 |      9 |      7 |      0 |      0 |   1 |   16.0 |
               +--------+--------+--------+--------+--------+-----+--------+

Top non-repeatable levels by time:
     D:3: 1293 daAuts
     D:4: 1190 daAuts
     D:1: 1070 daAuts
     D:5: 873 daAuts
     D:2: 586 daAuts
     D:6: 24 daAuts
  Temple: 16 daAuts
